 Dungeon Crawl Stone Soup version 0.29-a0-304-gb34f9e133a (webtiles) character file.

Game seed: 5060677576655966777

375 Ajdolov the Covert (level 7, -2/40 HPs)
             Began as a Kobold Brigand on Mar 26, 2022.
             Slain by a jelly (3 damage)
             ... on level 4 of the Dungeon.
             The game lasted 00:03:21 (3180 turns).

Ajdolov the Covert (Kobold Brigand)                 Turns: 3180, Time: 00:03:22

Health: -2/40      AC: -4    Str:  8    XL:     7   Next: 3%
Magic:  7/7        EV: 14    Int: 13    God:
Gold:   247        SH:  0    Dex: 18    Spells: 6/6 levels left

rFire   . . .      SeeInvis .   a - +2 dagger
rCold   . . .      Faith    .   (no shield)
rNeg    . . .      Spirit   .   b - +0 robe
rPois   .          Reflect  .   (no helmet)
rElec   .          Harm     .   c - +0 cloak
rCorr   .          Rampage  .   n - +0 pair of gloves
Will    .....                   (no boots)
Stlth   +++.......              (no amulet)
HPRegen 0.13/turn               (no ring)
MPRegen 0.10/turn               (no ring)

@: confused, corroded
A: small, no large weapons, nightstalker 3
a: no special abilities


You were on level 4 of the Dungeon.
You visited 1 branch of the dungeon, and saw 4 of its levels.

You collected 247 gold pieces.

Inventory:

Hand Weapons
 a - a +2 dagger (weapon)
Missiles
 d - 26 poisoned darts (quivered)
 e - 2 curare-tipped darts
Armour
 b - a +0 robe (worn)
 c - a +0 cloak (worn)
 n - a +0 pair of gloves (worn)
Jewellery
 h - a ring of fire
 m - a ring of positive energy
 r - a ring of wizardry
Scrolls
 g - a scroll of blinking {unknown}
 i - 2 scrolls of teleportation {unknown}
 j - 2 scrolls of amnesia {unknown}
 l - 2 scrolls of identify {unknown}
 q - a scroll of magic mapping {unknown}
 u - a scroll of enchant armour {unknown}
 v - a scroll of vulnerability {unknown}
Potions
 f - 7 potions of curing {unknown}
 k - 2 potions of ambrosia {unknown}
 o - 3 potions of heal wounds {unknown}
 p - a potion of flight {unknown}
 s - a potion of might {unknown}
 t - a potion of berserk rage {unknown}


   Skills:
 - Level 2.1 Fighting
 + Level 5.6 Short Blades
 - Level 2.1 Throwing
 - Level 1.2 Dodging
 * Level 9.5 Stealth


You had 6 spell levels left.
You didn't know any spells.
Your spell library was empty.

Dungeon Overview and Level Annotations

Branches:
Dungeon (4/15)
 Temple: D:4-7

Altars:


Innate Abilities, Weirdness & Mutations

You are small and have problems with some larger weapons.
You are completely attuned to the shadows.


Message History

Unknown command.
A jelly comes into view.
The iguana attacks as you move away! The iguana misses you.
The orc barely misses you. The orc attacks as you move away!
The orc barely misses you.
The jelly quivers.
The orc wizard casts a spell.
The orc wizard flickers and vanishes!
Deactivating autopickup; reactivate with Ctrl-A.
The jelly hits you. The acid corrodes you!
You are splashed with acid.
The jelly attacks as you move away! The jelly closely misses you.
The jelly attacks as you move away! The jelly hits you. The acid corrodes you!
You are splashed with acid!
The jelly attacks as you move away! The jelly barely misses you.
The iguana attacks as you move away! The iguana closely misses you.
The jelly attacks as you move away! The jelly closely misses you.
The jelly attacks as you move away! The jelly closely misses you.
Throw: 3 darts (curare)
Press: ? - help, Shift-Dir - straight line, f - iguana
Aim: an iguana (66% to hit)
You throw a curare-tipped dart. The curare-tipped dart hits the iguana.
The iguana is poisoned.
The iguana convulses.
The iguana seems to slow down.
The iguana is moderately wounded.
The jelly attacks as you move away! The jelly hits you.
You are splashed with acid!
* * * LOW HITPOINT WARNING * * *
The jelly attacks as you move away! The jelly closely misses you.
The iguana hisses menacingly.
You are confused.
The jelly completely misses you.
You bump into the rock wall.
The jelly hits you.
* * * LOW HITPOINT WARNING * * *
You are splashed with acid!
* * * LOW HITPOINT WARNING * * *
The jelly jiggles.
There is a stone staircase leading down here.
You bump into the rock wall.
The iguana is no longer moving slowly.
The jelly hits you.
You die...

##..##..#'##...##....#.....#
#...####..###'#'....#.....#
#....##....##..##..##(....#
#....##....')...####..#####
###)...###..##....##.....##
#........######..##†......#
##.##......## ####........#
.#.#.....#..####...o.......#
.#....#.........@Jlo.......#
).....#.###..########.....##
....###.###..#### .......
................## ..
...####.####...... ........#
##..... ...###### #<....
...# ###### ..##


You could see an iguana (poisoned), a jelly and 2 orcs.

Vanquished Creatures
  An ice beast (D:4)
  An ogre (D:4)
  A necrophage (D:4)
  A hound (D:4)
  An iguana (D:4)
  3 adders
  An ufetubus (D:4)
  A worm (D:2)
  3 dart slugs
  An orc (D:4)
  5 ball pythons
  8 bats
  4 endoplasms (D:1)
  3 giant cockroaches
  8 goblins
  3 hobgoblins
  2 jackals (D:3)
  5 quokkas
  2 frilled lizards
  4 kobolds
  6 rats
64 creatures vanquished.

Notes
Turn   | Place    | Note
-------+----------+-------------------------------------------
     0 | D:1      | Ajdolov the Kobold Brigand began the quest for the Orb.
     0 | D:1      | Reached XP level 1. HP: 12/12 MP: 1/1
   112 | D:1      | Found a faded altar of an unknown god.
   128 | D:1      | Reached XP level 2. HP: 17/17 MP: 2/2
   596 | D:1      | Reached skill level 6 in Stealth
   740 | D:1      | Reached XP level 3. HP: 21/21 MP: 3/3
  1565 | D:2      | Reached XP level 4. HP: 26/26 MP: 4/4
  2303 | D:3      | Reached skill level 7 in Stealth
  2740 | D:4      | Reached XP level 5. HP: 29/30 MP: 5/5
  2795 | D:4      | Reached skill level 8 in Stealth
  2804 | D:4      | Noticed an ogre
  2806 | D:4      | Reached XP level 6. HP: 35/35 MP: 6/6
  2826 | D:4      | Killed an ogre
  2827 | D:4      | Reached skill level 5 in Short Blades
  2951 | D:4      | Reached skill level 9 in Stealth
  3038 | D:4      | Noticed an ice beast
  3042 | D:4      | Killed an ice beast
  3043 | D:4      | Reached XP level 7. HP: 40/40 MP: 7/7
  3178 | D:4      | HP: 1/40 [acid (8)]
  3180 | D:4      | Slain by a jelly

Illustrated notes

Levels and vault maps discovered:
D:1:      minmay_arrival_loop, layout_basic,
          shapermc_ecumenical_altar_acropolis, minivault_24, interstate_on_off
D:2:      layout_basic, minivault_25
D:3:      layout_rooms
D:4:      minmay_bubble_buster, layout_rooms, mainiacjoe_overflow_paths

Skill      XL: |  1  2  3  4  5  6 |
---------------+-------------------+-----
Short Blades   | 3 4 5 |  5.6
Stealth        | 6 7 8 9 |  9.5
Fighting       | |  2.1
Throwing       | |  2.1
Dodging        | |  1.2

Action                   |  1- 3 |  4- 6 |  7- 9 || total
-------------------------+-------+-------+-------++-------
Melee: Dagger            |    64 |    65 |    14 ||   143
Throw: Dart              |       |     5 |     1 ||     6
 Stab: Sleeping          |    20 |    22 |     2 ||    44
Armor: Robe              |    13 |     7 |     3 ||    23
Dodge: Dodged            |    46 |    28 |    14 ||    88

Table legend: (Time is in decaauts)
 A = Elapsed time spent in this place.
 B = Non-inter-level travel time spent in this place.
 C = Inter-level travel time spent in this place.
 D = Time resting spent in this place.
 E = Time spent auto-exploring this place.
 F = Levels seen in this place.
 G = Mean time per level.
                   A        B        C        D        E       F      G
               +--------+--------+--------+--------+--------+-----+--------+
         Total |   3149 |   3088 |     61 |      0 |   2616 |   4 |  787.2 |
       Dungeon |   3149 |   3088 |     61 |      0 |   2616 |   4 |  787.2 |
               +--------+--------+--------+--------+--------+-----+--------+

Top non-repeatable levels by time:
     D:2: 1029 daAuts
     D:1: 1026 daAuts
     D:3: 561 daAuts
     D:4: 532 daAuts
